 Dungeon Crawl Stone Soup version 0.29-a0-270-g1586fc07ea (webtiles) character file.

Game seed: 17722458338643006341

65 Hubris850 the Bolt Thrower (level 3, -10/30 HPs)
             Began as a Minotaur Hunter on Mar 7, 2022.
             Mangled by an ogre
             ... wielding a +0 giant club
              (27 damage)
             ... on level 3 of the Dungeon.
             The game lasted 00:04:09 (2049 turns).

Hubris850 the Bolt Thrower (Minotaur Hunter)        Turns: 2049, Time: 00:04:10

Health: -10/30     AC:  9    Str: 18    XL:     3   Next: 94%
Magic:  2/2        EV:  7    Int:  8    God:
Gold:   133        SH:  0    Dex: 10    Spells: 2/2 levels left

rFire   . . .      SeeInvis +   b - +3 mace (drain)
rCold   . . .      Faith    .   (no shield)
rNeg    . . .      Spirit   .   l - +1 chain mail of Disguise {Fly SInv}
rPois   .          Reflect  .   (helmet restricted)
rElec   .          Harm     .   (no cloak)
rCorr   .          Rampage  .   (no gloves)
Will    .....                   (no boots)
Stlth   ..........              i - amulet of the acrobat
HPRegen 0.10/turn               (no ring)
MPRegen 0.08/turn               (no ring)

@: flying
A: horns 2, retaliatory headbutt
a: no special abilities


You were on level 3 of the Dungeon.
You visited 1 branch of the dungeon, and saw 3 of its levels.

You collected 133 gold pieces.

Inventory:

Hand Weapons
 a - a +1 hand crossbow
 b - a +3 mace of draining (weapon)
 e - a +1 dagger of draining
Armour
 j - a +0 leather armour
 l - the +1 chain mail of Disguise (worn) {Fly SInv}
   (You found it on level 2 of the Dungeon)

   SInv:      It lets you see invisible.
   Fly:       It grants you flight.
Jewellery
 g - a ring of magical power
 i - an amulet of the acrobat (around neck)
Scrolls
 c - a scroll of immolation
 d - a scroll of magic mapping
 f - a scroll of identify
 m - a scroll of teleportation
Potions
 h - a potion of curing
 k - a potion of cancellation


   Skills:
 - Level 2.4 Fighting
 + Level 5.6 Crossbows
 + Level 2.2 Armour
 - Level 2.1 Dodging
 - Level 0.7 Stealth


You had 2 spell levels left.
You didn't know any spells.
Your spell library was empty.

Dungeon Overview and Level Annotations

Branches:
Dungeon (3/15)

Altars:


Innate Abilities, Weirdness & Mutations

You have a pair of horns on your head.
You reflexively headbutt those who attack you in melee.


Message History

No target in view!
No target in view!
As you read the scroll of identify, it crumbles to dust.
m - a scroll of teleportation
Found an escape hatch in the ceiling.
You now have 133 gold pieces (gained 8).
An adder and a frilled lizard come into view.
The adder hisses angrily.
The frilled lizard hisses angrily.
The adder completely misses you. You furiously retaliate!
You headbutt the adder. You miss the adder. Your headbutt misses the adder.
The adder is moderately wounded.
The adder bites you but does no damage.
You barely miss the adder.
The adder is moderately wounded.
The adder bites you. The adder closely misses you.
You sock the adder!
You kill the adder!
The frilled lizard completely misses you.
You furiously retaliate!
You headbutt the frilled lizard.
You kill the frilled lizard!
No target in view!
No target in view!
HP restored.
Found 20 stones.
f - a scroll of identify An ogre comes into view.
It is wielding a +0 giant club.
The ogre shouts!
Unknown command.
You hit the ogre. You drain the ogre. You headbutt the ogre.
The ogre is moderately wounded.
The ogre barely misses you.
You hit the ogre.
The ogre is moderately wounded.
The ogre hits you with a +0 giant club!
You sock the ogre!
The ogre is severely wounded.
The ogre hits you with a +0 giant club!!
Ouch! That really hurt!
You die...

# . ###. .## ...#
..# #..##.#######
#####
#..O......... ...
#@.....#### #.#
#.........###.####
#......##.#.......
#......##.#.#.####
#......##.#.#<....
#.(....##.#.#.###.
####....#^#.#.# #.
###..#.#.#.###.
##.#.#.......


You could see an ogre (drained).

Vanquished Creatures
  A gnoll (D:1)
  An adder (D:3)
  2 worms
  4 bats
  2 endoplasms
  6 giant cockroaches
  2 goblins
  3 hobgoblins
  2 jackals (D:1)
  2 kobolds (D:1)
  2 quokkas (D:1)
  4 ball pythons
  3 frilled lizards
  4 rats
38 creatures vanquished.

Notes
Turn   | Place    | Note
-------+----------+-------------------------------------------
     0 | D:1      | Hubris850 the Minotaur Hunter began the quest for the Orb.
     0 | D:1      | Reached XP level 1. HP: 18/18 MP: 0/0
   124 | D:1      | Reached skill level 1 in Armour
   172 | D:1      | Reached XP level 2. HP: 25/25 MP: 1/1
   353 | D:1      | Found a faded altar of an unknown god.
   377 | D:1      | Reached skill level 5 in Crossbows
   380 | D:1      | Reached XP level 3. HP: 14/30 MP: 2/2
  1751 | D:2      | Identified the +1 chain mail of Disguise {Fly SInv}
  2045 | D:3      | Noticed an ogre
  2049 | D:3      | Mangled by an ogre

Illustrated notes

Levels and vault maps discovered:
D:1:      evilmike_arrival_plus, layout_basic,
          hellmonk_ecumenical_altar_arch_garden
D:2:      layout_loops_ring
D:3:      layout_basic, minmay_misc_feat_roman, minmay_misc_feat_secret_circle

Skill      XL: |  1  2 |
---------------+-------+-----
Armour         | 1 2 |  2.2
Crossbows      | 5 |  5.6
Fighting       | |  2.4
Dodging        | |  2.1
Stealth        | |  0.7

Action                   || total
-------------------------++-------
Melee: Mace              ||    22
       Headbutt          ||     1
 Fire: Hand crossbow     ||    92
  Use: Scroll            ||     7
       Potion            ||     1
Armor: Leather armour    ||    21
       Chain mail        ||     1
Dodge: Dodged            ||    55

Table legend: (Time is in decaauts)
 A = Elapsed time spent in this place.
 B = Non-inter-level travel time spent in this place.
 C = Inter-level travel time spent in this place.
 D = Time resting spent in this place.
 E = Time spent auto-exploring this place.
 F = Levels seen in this place.
 G = Mean time per level.
                   A        B        C        D        E       F      G
               +--------+--------+--------+--------+--------+-----+--------+
         Total |   2083 |   2037 |     46 |    130 |   1581 |   3 |  694.3 |
       Dungeon |   2083 |   2037 |     46 |    130 |   1581 |   3 |  694.3 |
               +--------+--------+--------+--------+--------+-----+--------+

Top non-repeatable levels by time:
     D:1: 1129 daAuts
     D:2: 892 daAuts
     D:3: 62 daAuts
